 Dungeon Crawl Stone Soup version 0.19.4-9-g45fd643 (webtiles) character file.

309 Morrissey the Vandal (level 6, 0/42 HPs)
             Began as a Halfling Hunter on Feb 22, 2017.
             Was an Initiate of Okawaru.
             Killed from afar by Pikel (14 damage)
             ... with a wand of lightning
             ... on level 4 of the Dungeon.
             The game lasted 00:06:07 (3128 turns).

Morrissey the Vandal (Halfling Hunter)              Turns: 3128, Time: 00:06:08

Health: 0/42       AC:  9    Str: 14    XL:     6   Next: 69%
Magic:  6/6        EV: 10    Int:  9    God:    Okawaru [......]
Gold:   244        SH:  0    Dex: 16    Spells: 0 memorised, 5 levels left

rFire  . . .     SeeInvis .     a - +1 hunting sling
rCold  . . .     Gourm    +     z - +0 chain mail
rNeg   . . .     Faith    .     (shield restricted)
rPois  .         Spirit   .     t - +0 helmet
rElec  .         Reflect  .     (no cloak)
rCorr  .         Harm     .     (no gloves)
MR     .....                    (no boots)
Stlth  ..........               m - amulet of the gourmand
                                (no ring)
                                (no ring)

@: no status effects
A: mutation resistance 1
a: Renounce Religion


You were on level 4 of the Dungeon.
You worshipped Okawaru.
Okawaru was noncommittal.
You were completely stuffed.

You visited 1 branch of the dungeon, and saw 4 of its levels.

You collected 244 gold pieces.

Inventory:

Hand Weapons
 a - a +1 hunting sling (weapon)
 b - a +0 short sword
Missiles
 d - 3 sling bullets (quivered)
 o - 84 stones
Armour
 c - a +0 leather armour
 t - a +0 helmet (worn)
 z - a +0 chain mail (worn)
Jewellery
 m - an amulet of the gourmand (around neck)
 s - an uncursed amulet of magic regeneration
Wands
 A - a wand of polymorph (8/24)
Scrolls
 i - 4 scrolls of identify {unknown}
 j - 3 scrolls of remove curse {unknown}
 k - 2 scrolls of teleportation {unknown}
 v - a scroll of amnesia {unknown}
 y - a scroll of enchant weapon {unknown}
 B - a scroll of fear {unknown}
 C - a scroll of immolation {unknown}
 D - a scroll of enchant armour {unknown}
Potions
 e - 2 potions of brilliance {unknown}
 l - a potion of cancellation {unknown}
 n - 3 potions of mutation {unknown}
 p - a potion of flight {unknown}
 u - 3 potions of agility {unknown}
 w - a potion of degeneration {unknown}
 x - a potion of curing {unknown}
Comestibles
 f - 3 bread rations
 g - a meat ration
 h - a slice of pizza
 q - 2 beef jerkies
 r - 3 chunks of flesh


   Skills:
 - Level 3.4 Fighting
 + Level 7.0 Slings
 * Level 2.1 Armour
 * Level 4.5 Dodging
 - Level 1.8 Stealth


You had 5 spell levels left.
You didn't know any spells.

Dungeon Overview and Level Annotations

Branches:
Dungeon (4/15)
 Temple: D:4-7

Altars:
Okawaru

Annotations:
D:3 exclusion: downstairs
D:4 Pikel


Innate Abilities, Weirdness & Mutations

You are small and have problems with some larger weapons.
You are somewhat resistant to further mutation.


Message History

The slave is lightly wounded.
The frilled lizard barely misses you.
Firing (i - inventory. (,) - cycle):
d - 4 sling bullets (quivered)
Press: ? - help, Shift-Dir - straight line, f/p - Pikel
Aim: Pikel, wielding a whip of flaming, wearing a robe and carrying a wand of lightning {zapped: 1} (lightly wounded)
You shoot a sling bullet.
The sling bullet closely misses the frilled lizard.
The sling bullet closely misses Pikel.
The sling bullet barely misses the slave.
The sling bullet hits the slave!
The slave is heavily wounded.
The frilled lizard bites you but does no damage.
Pikel zaps a wand.
The bolt of lightning hits the frilled lizard.
The frilled lizard dies!
The bolt of lightning hits you!
Ouch! That really hurt!
* * * LOW HITPOINT WARNING * * *
The bolt of lightning hits you!
You die...

....lp.<.......
###......####....
#.............#.
......K..p........
####........l.....
#.###(#p.#...#. ..
..%.......
########........ #
#.@)Kpp....#
##.###.#######.....
##......# ...
.....##.####### .
###.##.........
#.#...#######
#...........#
###.#.....###..
#.............


You could see Pikel and 2 slaves.

Vanquished Creatures
  A slave (D:4)
  A howler monkey (D:3)
  2 orc priests (D:3)
  An orc wizard (D:3)
  Ijyb (D:2)
  A worker ant (D:3)
  A gnoll (D:2)
  An ooze (D:3)
  A worm (D:2)
  4 dart slugs
  4 leopard geckos
  18 orcs
  2 giant cockroaches (D:3)
  8 goblins
  8 hobgoblins
  4 jackals (D:1)
  3 quokkas
  A ball python (D:1)
  7 bats
  6 frilled lizards
  8 kobolds
  9 rats
92 creatures vanquished.

Vanquished Creatures (others)
  A frilled lizard (D:4)
1 creature vanquished.

Grand Total: 93 creatures vanquished

Notes
Turn   | Place    | Note
-------+----------+-------------------------------------------
     0 | D:1      | Morrissey the Halfling Hunter began the quest for the Orb.
     0 | D:1      | Reached XP level 1. HP: 14/14 MP: 1/1
    57 | D:1      | Reached skill level 6 in Slings
   267 | D:1      | Reached XP level 2. HP: 19/19 MP: 2/2
   668 | D:1      | Reached XP level 3. HP: 24/24 MP: 3/3
   972 | D:2      | Noticed Ijyb
   995 | D:2      | Killed Ijyb
   995 | D:2      | Reached XP level 4. HP: 26/30 MP: 4/4
  1039 | D:2      | Found a faded altar of an unknown god.
  1872 | D:2      | Found an iron altar of Okawaru.
  1904 | D:2      | Became a worshipper of Warmaster Okawaru
  2024 | D:3      | Reached XP level 5. HP: 30/36 MP: 5/5
  2336 | D:3      | Reached XP level 6. HP: 35/42 MP: 6/6
  2436 | D:3      | Reached skill level 1 in Armour
  2649 | D:3      | Reached skill level 7 in Slings
  2739 | D:3      | Reached * piety under Okawaru
  3017 | D:4      | Noticed Pikel
  3017 | D:4      | Noticed a slave
  3017 | D:4      | Noticed a slave
  3017 | D:4      | Noticed a slave
  3017 | D:4      | Noticed a slave
  3122 | D:4      | Killed a slave
  3128 | D:4      | Killed from afar by Pikel

Skill      XL: |  1  2  3  4  5  6 |
---------------+-------------------+-----
Slings         | 6 7 |  7.0
Fighting       | 2 3 |  3.4
Dodging        | 3 4 |  4.5
Armour         | 2 |  2.1
Stealth        | |  1.8

Action                   |  1- 3 |  4- 6 || total
-------------------------+-------+-------++-------
Melee: Short sword       |    50 |    10 ||    60
 Fire: Hunting sling     |    51 |   202 ||   253
 Stab: Sleeping          |     1 |       ||     1
  Eat: Chunk             |    11 |     7 ||    18
Armor: Leather armour    |     7 |     4 ||    11
       Chain mail        |       |    17 ||    17
Dodge: Dodged            |    44 |    52 ||    96
